 Dungeon Crawl Stone Soup version 0.29.1-12-g30fa7ad0bf (webtiles) character file.

Game seed: 13729620768429602777

26 croobank the Conjurer (level 2, -1/20 HPs)
             Began as a Demonspawn Conjurer on Dec 21, 2022.
             Slain by a black bear (5 damage)
             ... on level 2 of the Dungeon.
             The game lasted 00:03:55 (978 turns).

croobank the Conjurer (Demonspawn Conjurer)          Turns: 978, Time: 00:03:55

Health: -1/20      AC:  2    Str:  7    XL:     2   Next: 89%
Magic:  2/5        EV: 12    Int: 19    God:
Gold:   78         SH:  0    Dex: 11    Spells: 2/5 levels left

rFire   . . .      SeeInvis .   a - +0 dagger
rCold   . . .      Faith    .   (no shield)
rNeg    . . .      Spirit   .   d - +0 robe
rPois   .          Reflect  .   (no helmet)
rElec   .          Harm     .   (no cloak)
rCorr   .          Rampage  .   (no gloves)
Will    .....                   (no boots)
Stlth   ++........              (no amulet)
HPRegen 0.06/turn               (no ring)
MPRegen 0.09/turn               (no ring)

@: no status effects
A: powered by pain 1
a: no special abilities


You were on level 2 of the Dungeon.
You visited 1 branch of the dungeon, and saw 2 of its levels.

You collected 78 gold pieces.

Inventory:

Hand Weapons
 a - a +0 dagger (weapon)
 b - a +0 sling
Armour
 d - a +0 robe (worn)
 h - a +0 buckler
Scrolls
 j - a scroll of fog {unknown}
Potions
 c - a potion of lignification {unknown}
 f - a potion of berserk rage {unknown}
 g - 2 potions of flight {unknown}
 i - 4 potions of brilliance {unknown}
 k - a potion of ambrosia {unknown}


   Skills:
 + Level 0.9 Fighting
 + Level 2.1 Dodging
 + Level 2.1 Stealth
 + Level 2.2 Spellcasting
 + Level 4.2 Conjurations


You had 2 spell levels left.
You knew the following spells:

 Your Spells              Type           Power      Damage    Failure   Level
a - Magic Dart            Conj           72%        1d6       3%          1
b - Searing Ray           Conj           36%        2d5       4%          2

Your spell library contained the following spells:

 Spells                   Type           Power      Damage    Failure   Level
 Static Discharge         Conj/Air       10%        3-5/arc   11%         2
 Dazzling Flash           Conj/Hex       20%        N/A       21%         3
 Fulminant Prism          Conj/Hex       5%         3d7       56%         4
 Iskenderun's Mystic Bla  Conj/Tloc      10%        2d4       56%         4
 Sticky Flame             Conj/Fire      10%        2d3       56%         4
 Dispel Undead            Necr           2%         3d7       86%         4


Dungeon Overview and Level Annotations

Branches:
Dungeon (2/15)

Altars:


Innate Abilities, Weirdness & Mutations

You sometimes gain a little power by taking damage.


Message History

You see here a glowing yellow potion.
k - a glowing yellow potion You aren't carrying any items that you can evoke.
Unknown command.
Casting: Magic Dart (safe; 3% risk of failure)
Confirm with . or Enter, or press ? or * to list all spells.
Aiming: Searing Ray (safe; 4% risk of failure)
Press: ? - help, Shift-Dir - straight line, f - black bear
Aim: a black bear (84% to hit)
The searing ray hits the black bear.
The black bear is lightly wounded. (Press . to maintain the ray.)
The searing ray hits the black bear.
The black bear is moderately wounded.
The black bear closely misses you. x2; The black bear claws you.
The searing ray misses the black bear.
The black bear misses you. The black bear claws you. x2
Without enough magic to sustain it, your searing ray dissipates.
The black bear closely misses you. x3
Magic courses through your body. The black bear misses you.
The black bear claws you. The black bear barely misses you.
Casting: Searing Ray (safe; 4% risk of failure)
Confirm with . or Enter, or press ? or * to list all spells.
Aiming: Searing Ray (safe; 4% risk of failure)
Press: ? - help, Shift-Dir - straight line, f/p - black bear
Aim: a black bear (moderately wounded, 84% to hit)
The searing ray hits the black bear.
The black bear is heavily wounded. (Press . to maintain the ray.)
The black bear bites you.
* * * LOW HITPOINT WARNING * * *
The black bear claws you but does no damage.
The black bear claws you.
* * * LOW HITPOINT WARNING * * *
The searing ray hits the black bear!
The black bear is almost dead.
The black bear barely misses you. The black bear claws you.
* * * LOW HITPOINT WARNING * * *
The black bear claws you.
You die...

#.... ..# #...) ##..#
#...$#####..#
..........#####
#.......#...######
+.......'......... ##
#.......#...###### .
.. ####h..##...# #.#
#.###.@.####...# h.
#.#...### #...#
#.#.#.#......+...+
#..#.....#.######...#
.......<##.######...#
##.>.#.#............#
##. #.#.........####
###..#.#.........#
(..†.#.#.........#


You could see a black bear.

Vanquished Creatures
  A dart slug (D:1)
  6 goblins (D:1)
  5 hobgoblins
  A quokka (D:2)
  2 ball pythons (D:1)
  3 bats (D:1)
  3 kobolds
21 creatures vanquished.

Notes
Turn   | Place    | Note
-------+----------+-------------------------------------------
     0 | D:1      | croobank the Demonspawn Conjurer began the quest for the
                  | Orb.
     0 | D:1      | Reached XP level 1. HP: 13/13 MP: 3/3
   163 | D:1      | Gained mutation: You sometimes gain a little power by
                  | taking damage. [demonic ancestry]
   163 | D:1      | Reached XP level 2. HP: 16/20 MP: 0/5
   221 | D:1      | Learned a level 2 spell: Searing Ray
   819 | D:2      | Noticed a black bear
   978 | D:2      | Slain by a black bear

Illustrated notes

Levels and vault maps discovered:
D:1:      kennysheep_arrival_seaside, layout_rooms, kennysheep_boxes
D:2:      layout_basic, st_stairs_4

Skill      XL: |  1  2 |
---------------+-------+-----
Stealth        | 2 |  2.1
Dodging        | 2 |  2.1
Fighting       | |  0.9
Spellcasting   | |  2.2
Conjurations   | |  4.2

Action                   || total
-------------------------++-------
Melee: Dagger            ||     5
Throw: Throwing net      ||     1
 Cast: Magic Dart        ||    25
       Searing Ray       ||     5
  Use: Potion            ||     1
 Stab: Sleeping          ||     1
Armor: Robe              ||     5
Dodge: Dodged            ||    12
